 Dungeon Crawl Stone Soup version 0.32-a0-837-g8d3e27d251 (webtiles) character file.

Game seed: 4616269101004579636

2714 tape the Charlatan (level 9, 0/69 HPs)
             Began as a Coglin Warper on Mar 26, 2024.
             Was a Follower of Trog.
             Slain by a killer bee (8 damage)
             ... on level 7 of the Dungeon.
             The game lasted 00:17:55 (5819 turns).

tape the Charlatan (Coglin Warper)                  Turns: 5819, Time: 00:17:55

Health: 0/69       AC:  9    Str: 14 (15) XL:     9   Next: 66%
Magic:  11/11      EV: 12    Int: 10 (12) God:    Trog [*.....]
Gold:   286        SH:  0    Dex: 13 (15) Spells: 11/11 levels left

rFire   . . .        s - +5 falchion (elec) {Santiago}
rCold   . . .        e - +5 long sword {Fernando}
rNeg    . . .        t - +2 leather armour {rPois}
rPois   +            y - +0 helmet
rElec   .            v - +0 cloak
rCorr   .            g - +0 pair of gloves
SInv    .            (no boots)
Will    .....        (amulet unavailable)
Stlth   +            (ring unavailable)
HPRegen 0.31/turn    (ring unavailable)
MPRegen 0.12/turn    (no gizmo)

%: no passive effects
@: attractive, revving
A: off-hand wielding, slow wielding, warmup strikes, no jewellery
a: Invent Gizmo, Renounce Religion, Berserk


You were on level 7 of the Dungeon.
You worshipped Trog.
Trog was aware of your devotion.
You visited 2 branches of the dungeon, and saw 9 of its levels.

You collected 286 gold pieces.

Inventory:

Hand Weapons
 e - a +5 long sword (offhand) {Fernando}
 s - a +5 falchion of electrocution (weapon) {Santiago}
Missiles
 d - 6 darts of dispersal (quivered)
 k - 11 poisoned darts
 A - 5 curare-tipped darts
Armour
 g - a +0 pair of gloves (worn)
 t - a +2 leather armour of poison resistance (worn)
 v - a +0 cloak (worn)
 y - a +0 helmet (worn)
Wands
 o - a wand of light (19)
 p - a wand of paralysis (8)
 z - a wand of iceblast (8)
Scrolls
 a - a scroll of brand weapon {unknown}
 f - a scroll of poison {unknown}
 i - a scroll of amnesia {unknown}
 l - 2 scrolls of enchant weapon {unknown}
 m - 5 scrolls of identify {unknown}
 q - a scroll of enchant armour {unknown}
 u - a scroll of silence {unknown}
 x - a scroll of immolation {unknown}
 C - a scroll of revelation {unknown}
Potions
 b - a potion of ambrosia {unknown}
 h - a potion of degeneration
 j - a potion of enlightenment {unknown}
 n - a potion of curing {unknown}
 r - a potion of brilliance {unknown}
 B - a potion of haste {unknown}


   Skills:
 - Level 6.0 Fighting
 + Level 6.2 Long Blades
 - Level 0.8 Throwing
 + Level 5.4 Armour
 + Level 5.7 Dodging
 - Level 1.7 Spellcasting
 - Level 3.0 Translocations
 + Level 6.6 Evocations


You had 11 spell levels left.
You didn't know any spells.
Your spell library contained the following spells:

 Spells                   Type           Power      Damage    Failure   Level
 Blink                    Tloc           12%        N/A       17%         2
 Lesser Beckoning         Tloc           12%        N/A       17%         2
 Momentum Strike          Conj/Tloc      6%         3d8       32%         2
 Teleport Other           Tloc           6%         N/A       34%         3
 Frozen Ramparts          Ice            0%         1d1       75%         3
 Ozocubu's Armour         Ice            0%         N/A       75%         3
 Manifold Assault         Tloc           6%         N/A       75%         4
 Vhi's Electric Charge    Tloc/Air       6%         N/A       91%         4
 Animate Armour           Summ/Erth      0%         N/A       98%         4
 Summon Lightning Spire   Summ/Air       0%         N/A       98%         4
 Lee's Rapid Deconstruct  Erth           0%         3d4*      100%        5
 Metabolic Englaciation   Hex/Ice        0%         N/A       100%        5


Dungeon Overview and Level Annotations

Branches:
Dungeon (8/15)             Temple (1/1) D:6
   Lair: D:8-11

Altars:
Ashenzari
Cheibriados
Dithmenos
Elyvilon
Hepliaklqana
Kikubaaqudgha
Makhleb
Nemelex Xobeh
Okawaru
Ru
Sif Muna
Trog
Uskayaw
Vehumet
Xom
Yredelemnul
The Shining One


Innate Abilities, Weirdness & Mutations

You can wield a second weapon in your off-hand.
It takes a long time for you to wield or remove held weapons.
Your first few attacks do less damage.
You cannot equip rings or amulets.


Message History

* * * LOW HITPOINT WARNING * * *
The killer bee closely misses you.
The orc priest looks braver for a moment.
The killer bee misses you. The killer bee stings you.
* * * LOW HITPOINT WARNING * * *
There is a fountain of clear blue water here.
Things that are here:
a +4 spear; a +0 robe The killer bee attacks as it pursues you!
The killer bee stings you.
* * * LOW HITPOINT WARNING * * *
The killer bee closely misses you. The killer bee barely misses you.
The killer bee closely misses you. The killer bee stings you.
* * * LOW HITPOINT WARNING * * *
There is an open door here.
The killer bee attacks as it pursues you!
The killer bee stings you but does no damage.
The killer bee barely misses you.
It was a potion of degeneration.
There was something very wrong with that liquid.
You feel weakened.
You feel dopey.
You feel clumsy. The killer bee stings you.
* * * LOW HITPOINT WARNING * * *
The killer bee closely misses you.
It was a potion of attraction.
You feel attractive to monsters.
The killer bee stings you but does no damage.
The killer bee closely misses you. The orc priest is attracted toward you.
The orc is attracted toward you.
Okay, then.
Unknown command.
Blink to where?
Press: ? - help, Dir - move target
As you read the scroll of blinking, it crumbles to dust.
The killer bee is attracted toward you. x2; Something is attracted toward you. x4
The killer bee stings you but does no damage.
The killer bee stings you!
You die...

. ### ##@##
#.yy# #.y.#
#.§.# ##y##
##y## ####
#.oo##...##
+o§.)).⌠.<#
#.§.##...##


You could see 3 killer bees.

Vanquished Creatures
  2 hornets
  Eustachio (D:4)
  A water moccasin (D:5)
  2 black bears
  A phantom (D:6)
  A bullfrog (D:6)
  A gnoll sergeant (D:5)
  5 scorpions
  7 wights
  8 killer bees
  3 jellies
  A hound (D:4)
  2 bombardier beetles
  Natasha (thrice) (D:3)
  2 iguanas
  Ijyb (D:4)
  3 orc wizards
  13 gnolls
  6 adders
  A shadow imp (D:6)
  A white imp (D:8)
  2 dart slugs (D:1)
  A ribbon worm (D:2)
  15 orcs
  8 ball pythons
  11 bats
  6 endoplasms
  7 giant cockroaches
  6 goblins
  2 hobgoblins (D:1)
  6 quokkas
  3 frilled lizards
  10 kobolds
  5 rats
147 creatures vanquished.

Notes
Turn   | Place    | Note
-------+----------+-------------------------------------------
     0 | D:1      | tape the Coglin Warper began the quest for the Orb.
     0 | D:1      | Reached XP level 1. HP: 16/16 MP: 3/3
    39 | D:1      | Reached skill level 1 in Armour
    55 | D:1      | Reached XP level 2. HP: 6/22 MP: 4/4
   352 | D:1      | Reached XP level 3. HP: 22/28 MP: 5/5
   882 | D:2      | Reached XP level 4. HP: 34/34 MP: 6/6
  1007 | D:2      | Identified the +0 leather armour of Kindness {rElec rF+
                  | Regen+ Dex-3}
  1490 | D:3      | Noticed Natasha
  1513 | D:3      | Killed Natasha
  1514 | D:3      | Reached XP level 5. HP: 13/41 MP: 7/7
  1622 | D:3      | Noticed Natasha
  1636 | D:3      | Killed Natasha
  1812 | D:3      | Found a shadowy altar of Dithmenos.
  1906 | D:3      | Noticed Natasha
  1916 | D:3      | Killed Natasha
  2027 | D:3      | Found a white marble altar of Elyvilon.
  2215 | D:4      | Noticed Ijyb
  2234 | D:4      | Killed Ijyb
  2382 | D:4      | Reached XP level 6. HP: 24/47 MP: 8/8
  2521 | D:4      | Found a snail-covered altar of Cheibriados.
  2788 | D:4      | Noticed Eustachio
  2846 | D:4      | Killed Eustachio
  2847 | D:4      | Reached skill level 1 in Evocations
  2926 | D:4      | Reached XP level 7. HP: 53/53 MP: 9/9
  3268 | D:5      | Entered Level 5 of the Dungeon
  3502 | D:5      | Found a broken altar of Ashenzari.
  3504 | D:5      | Found a hide-covered altar of Uskayaw.
  3506 | D:5      | Found a shimmering blue altar of Sif Muna.
  3516 | D:5      | Found a sacrificial altar of Ru.
  4087 | D:5      | Reached XP level 8. HP: 59/61 MP: 10/10
  4353 | D:6      | You fall into a shaft and drop 2 floors!
  4404 | D:8      | Noticed a hornet
  4417 | D:8      | Killed a hornet
  4418 | D:8      | Reached skill level 5 in Fighting
  4418 | D:8      | Reached skill level 5 in Long Blades
  4775 | D:7      | Found a glowing golden altar of the Shining One.
  4989 | D:6      | Reached skill level 5 in Evocations
  4993 | D:6      | Reached XP level 9. HP: 68/68 MP: 11/11
  4999 | D:6      | Reached skill level 5 in Dodging
  5017 | D:6      | Found a staircase to the Ecumenical Temple.
  5041 | Temple   | Entered the Ecumenical Temple
  5047 | Temple   | Became a worshipper of Trog the Wrathful
  5370 | D:6      | Found a basalt altar of Yredelemnul.
  5381 | D:6      | Reached skill level 5 in Armour
  5795 | D:7      | Noticed a hornet
  5801 | D:7      | Reached * piety under Trog
  5810 | D:7      | Killed a hornet
  5819 | D:7      | Slain by a killer bee

Illustrated notes

Levels and vault maps discovered:
D:1:      dpeg_arrival_tiny_c, layout_basic, minmay_quantized
D:2:      layout_basic, kennysheep_nondescript, minmay_heptomino_h4
D:3:      layout_basic, grunt_dithmenos_smoke_and_mirrors, elyvilon_altar_1,
          fountainhead, uniq_natasha
D:4:      layout_loops_cross, cheibriados_altar_1, uniq_ijyb, uniq_eustachio
D:5:      layout_basic, nicolae_overflow_quartered_altars
D:6:      layout_loops_ring, mainiacjoe_overflow_alcove_4,
          minmay_temple_entry_junction_2
D:7:      layout_basic, lemuel_crystal_altar, grunt_ministairs_5,
          dreamdust_mushroom_princess
D:8:      layout_loops_ring, fedhas_altar_fruit_tree,
          nicolae_gozag_seed_capital, amethyst_overflow_temple_binary
Temple:   hellmonk_temple_two_chambers

Skill      XL: |  1  2  3  4  5  6  7  8  9 |
---------------+----------------------------+-----
Armour         | 1 2 3 4 5 |  5.4
Dodging        | 2 3 4 5 |  5.7
Fighting       | 3 4 5 6 |  6.0
Long Blades    | 3 4 5 6 |  6.2
Evocations     | 1 3 5 6 |  6.6
Throwing       | |  0.8
Spellcasting   | |  1.7
Translocations | |  3.0

Action                     |  1- 3 |  4- 6 |  7- 9 || total
---------------------------+-------+-------+-------++-------
  Melee: Falchion          |    88 |   218 |   321 ||   627
         Dagger            |    82 |    23 |       ||   105
         Long sword        |       |       |     8 ||     8
         Scimitar          |       |       |     2 ||     2
  Throw: Dart              |       |     1 |       ||     1
  Evoke: Wand              |       |     1 |     5 ||     6
    Use: Potion            |       |       |     2 ||     2
         Scroll            |       |       |     1 ||     1
   Stab: Sleeping          |       |     2 |       ||     2
         Paralysed         |       |    22 |     6 ||    28
 Armour: Leather armour    |    70 |    73 |   200 ||   343
  Dodge: Dodged            |    49 |    64 |   171 ||   284

Table legend: (Time is in decaauts)
 A = Elapsed time spent in this place.
 B = Non-inter-level travel time spent in this place.
 C = Inter-level travel time spent in this place.
 D = Time resting spent in this place.
 E = Time spent auto-exploring this place.
 F = Levels seen in this place.
 G = Mean time per level.
                   A        B        C        D        E       F      G
               +--------+--------+--------+--------+--------+-----+--------+
         Total |   5857 |   5660 |    197 |   1444 |   3009 |   9 |  650.8 |
       Dungeon |   5845 |   5648 |    197 |   1444 |   3009 |   8 |  730.6 |
        Temple |     12 |     12 |      0 |      0 |      0 |   1 |   12.0 |
               +--------+--------+--------+--------+--------+-----+--------+

Top non-repeatable levels by time:
     D:4: 1369 daAuts
     D:6: 904 daAuts
     D:1: 763 daAuts
     D:3: 752 daAuts
     D:5: 726 daAuts
     D:2: 671 daAuts
     D:8: 382 daAuts
     D:7: 274 daAuts
  Temple: 12 daAuts
